 Dungeon Crawl Stone Soup version 0.28-a0-561-gc72452776e (webtiles) character file.

Game seed: 2132313664798099861

11 KristoblXynda the Sneak (level 2, -1/16 HPs)
             Began as a Spriggan Delver on Sept 29, 2021.
             Slain by an orc (2 damage)
             ... on level 5 of the Dungeon.
             The game lasted 00:01:06 (287 turns).

KristoblXynda the Sneak (Spriggan Delver)            Turns: 287, Time: 00:01:07

Health: -1/16      AC:  2    Str:  8    XL:     2   Next: 13%
Magic:  3/3        EV: 17    Int: 11    God:
Gold:   12         SH:  0    Dex: 16    Spells: 1/1 levels left

rFire   . . .      SeeInvis +   h - +1 rapier (vamp)
rCold   . . .      Faith    .   (shield restricted)
rNeg    . . .      Spirit   .   b - +0 robe
rPois   .          Reflect  .   (helmet restricted)
rElec   .          Harm     .   (no cloak)
rCorr   .          Rampage  .   (gloves unavailable)
Will    .....                   (boots unavailable)
Stlth   ++++......              (no amulet)
HPRegen 0.05/turn               (no ring)
MPRegen 0.08/turn               (no ring)

@: very quick
A: very small, no large weapons, unfitting armour, see invisible, speed 3
a: no special abilities


You were on level 5 of the Dungeon.
You visited 1 branch of the dungeon, and saw 1 of its levels.

You collected 12 gold pieces.

Inventory:

Hand Weapons
 h - a +1 vampiric rapier (weapon)
Armour
 b - a +0 robe (worn)
Wands
 g - a wand of digging (3)
Scrolls
 c - a scroll of fog
 d - a scroll of magic mapping
 e - a scroll of fear
 i - a scroll of enchant armour {unknown}
Potions
 a - a potion of brilliance {unknown}
 f - a potion of haste


   Skills:
 + Level 2.5 Fighting
 + Level 2.4 Short Blades
 + Level 3.0 Dodging
 + Level 7.4 Stealth


You had one spell level left.
You didn't know any spells.
Your spell library was empty.

Dungeon Overview and Level Annotations

Branches:
Dungeon (5/15)
 Temple: D:4-7

Altars:


Innate Abilities, Weirdness & Mutations

You are very small and have problems with some larger weapons.
You are too small for most types of armour.
You have supernaturally acute eyesight. (SInv)
You cover ground extremely quickly. (Speed+++)


Message History

The orc hits you with a +0 hand axe.
You hit the orc.
You feel better.
The orc is severely wounded.
The orc misses you.
You hit the orc but do no damage.
The orc is severely wounded.
The orc hits you with a +0 hand axe.
* * * LOW HITPOINT WARNING * * *
You hit the orc.
You feel better.
You kill the orc!
You start resting.
An orc is nearby!
An adder comes into view.
You start resting.
An orc is nearby!
You start resting.
An orc is nearby!
You closely miss the orc.
The orc shouts!
The orc completely misses you.
You hit the orc.
You feel better.
The orc is moderately wounded.
The orc hits you with a +0 short sword.
You completely miss the orc.
The orc is moderately wounded.
The orc hits you with a +0 short sword.
You barely miss the orc.
The orc is moderately wounded.
The orc misses you.
You hit the orc but do no damage.
The orc is moderately wounded.
The orc barely misses you.
You barely miss the orc.
The orc is moderately wounded.
The orc hits you with a +0 short sword.
* * * LOW HITPOINT WARNING * * *
You barely miss the orc.
The orc is moderately wounded.
The orc hits you with a +0 short sword.
You die...

..#.# #.# #.##>. ..#.#
#####.#######.####
..#.# #.......o..)..o#
..#.#
#####.###.#######..#
..#.#
#>........#######..#
..#.#
#.###.####.........#
.(#.########.###.##
#.#######.#
..o.o...........#.# #.#
#.#
#[#########..###@####.#
#.### #.# #....o......#
#.... #o# #############
##### #.#########
#oo....oo.. ###########


You could see an orc.

Vanquished Creatures
  An adder (D:5)
  An orc (D:5)
2 creatures vanquished.

Notes
Turn   | Place    | Note
-------+----------+-------------------------------------------
     0 | D:5      | KristoblXynda the Spriggan Delver began the quest for the
                  | Orb.
     0 | D:5      | Reached XP level 1. HP: 11/11 MP: 2/2
     5 | D:5      | Noticed a scorpion
    83 | D:5      | Reached XP level 2. HP: 16/16 MP: 3/3
   287 | D:5      | Slain by an orc

Illustrated notes

Levels and vault maps discovered:
D:5:      layout_loops_ring, vehumet_altar_wand_db

Skill      XL: |  1 |
---------------+----+-----
Dodging        | 3 |  3.0
Fighting       | |  2.5
Short Blades   | |  2.4
Stealth        | |  7.4

Action                   || total
-------------------------++-------
Melee: Rapier            ||    19
 Stab: Sleeping          ||     1
Dodge: Dodged            ||     9

Table legend: (Time is in decaauts)
 A = Elapsed time spent in this place.
 B = Non-inter-level travel time spent in this place.
 C = Inter-level travel time spent in this place.
 D = Time resting spent in this place.
 E = Time spent auto-exploring this place.
 F = Levels seen in this place.
 G = Mean time per level.
                   A        B        C        D        E       F      G
               +--------+--------+--------+--------+--------+-----+--------+
         Total |    234 |    234 |      0 |    120 |      0 |   1 |  234.0 |
       Dungeon |    234 |    234 |      0 |    120 |      0 |   1 |  234.0 |
               +--------+--------+--------+--------+--------+-----+--------+

Top non-repeatable levels by time:
     D:5: 234 daAuts
